 Dungeon Crawl Stone Soup version 0.18-a0-1225-g5d63bca (webtiles) character file.

18 M4edhros the Charlatan (level 2, -2/18 HPs)
             Began as an Octopode Artificer on Feb 3, 2016.
             Slain by an orc wizard
             ... wielding a +0 dagger
              (5 damage)
             ... on level 3 of the Dungeon.
             The game lasted 00:00:53 (852 turns).

M4edhros the Charlatan (Octopode Artificer)          Turns: 852, Time: 00:00:53

Health: -2/18      AC:  1    Str: 10    XL:     2   Next: 66%
Magic:  4/4        EV: 12    Int: 14    God:
Gold:   98         SH:  0    Dex: 12    Spells: 0 memorised, 1 level left

rFire  . . .     SeeInvis .     k - +1 spear (venom)
rCold  . . .     Gourm    .     (no shield)
rNeg   . . .     Faith    .     (helmet restricted)
rPois  .         Spirit   .     l - amulet of dismissal
rElec  .         Dismiss  +     (no ring)
rCorr  .         Reflect  .     (no ring)
SustAt .         Harm     .     (no ring)
MR     .....                    (no ring)
Stlth  ++++......               (no ring)
                                (no ring)
                                (no ring)
                                (no ring)

@: not resistant to hostile enchantments, stealthy
A: almost no armour, amphibious, 8 rings, constrict 8, camouflage 1, gelatinous
body 1
a: no special abilities


You were on level 3 of the Dungeon.
You were not hungry.

You visited 1 branch of the dungeon, and saw 3 of its levels.

You collected 98 gold pieces.

Inventory:

Hand Weapons
 a - a +0 short sword
 k - a +1 spear of venom (weapon)
Missiles
 h - 66 stones (quivered)
Jewellery
 l - an amulet of dismissal (around mantle)
Wands
 b - a wand of flame (15/48)
 c - a wand of enslavement (14/24)
 d - a wand of random effects (15/48)
Scrolls
 g - 2 scrolls of identify {unknown}
 j - a scroll of amnesia {unknown}
 n - a scroll of fear {unknown}
 o - a scroll of teleportation {unknown}
 p - a scroll of noise {unknown}
 r - a scroll of enchant armour {unknown}
Potions
 e - a potion of brilliance {unknown}
 q - a potion of lignification {unknown}
Books
 m - a book of the Dragon

   Spells                             Type                      Level
   a - Flame Tongue                   Conjuration/Fire             1
   b - Cause Fear                     Hexes                        4
   c - Bolt of Fire                   Conjuration/Fire             6
   d - Dragon Form                    Transmutation                7
   e - Dragon's Call                  Summoning                    9
Comestibles
 f - 3 bread rations
 i - 2 meat rations


   Skills:
 - Level 1.0 Fighting
 - Level 1.0 Short Blades
 * Level 2.4 Dodging
 * Level 2.2 Stealth
 + Level 3.6 Evocations


You had one spell level left.
You didn't know any spells.

Dungeon Overview and Level Annotations

Branches:
Dungeon (3/15)

Altars:
Sif Muna
Vehumet


Innate Abilities, Weirdness & Mutations

You cannot wear most types of armour.
You are amphibious.
You can wear up to eight rings at the same time.
You can use your tentacles to constrict eight enemies at once.
Your skin changes colour to match your surroundings (Stealth).
Your rubbery body absorbs attacks (AC +1).


Message History

The orc wizard points at you and mumbles some strange words.
The magic dart hits you! The orc wizard closely misses you.
You hit the orc wizard. Your grab misses the orc wizard.
The orc wizard is moderately wounded.
The orc wizard mumbles some strange words.
The orc wizard seems to speed up.
The orc wizard hits you with a dagger. The orc wizard completely misses you.
The orc wizard casts a spell at you. The magic dart hits you!
* * * LOW HITPOINT WARNING * * *
Drink which item? (? for menu, Esc to quit)
Okay, then.
Evoke which item? (* to show all) (? for menu, Esc to quit)
Zapping:
c - a wand of enslavement (15/24)
Press: ? - help, Shift-Dir - straight line, f/p - orc wizard
Aim: an orc wizard, wielding a dagger and wearing a robe (lightly wounded, fast, poisoned, chance to defeat MR: 53%)
The orc wizard resists with significant effort.
This wand has 14 charges left.
The orc wizard barely misses you. The orc wizard hits you with a dagger.
You die...

###
#.#######..#.......###
#.#######.##.......
#.....##...##......
####..#.._..#
#..#.8.8.# ...#
#..###'### .....#
#.###...# #.....#
#..##...# #.....#
#####≈@≈# #.....#
#.oo#######.....###
#######.......# #.
#....#........# #.
#....#........#####.
.###....#..............
........#..............
.##.....#..............
.......................


You could see 2 orc wizards.

Vanquished Creatures
  An orc (D:3)
  A giant cockroach (D:2)
  3 hobgoblins
  4 bats
  3 giant newts
  A goblin (D:1)
  2 kobolds (D:1)
  4 rats
19 creatures vanquished.

Notes
Turn   | Place    | Note
--------------------------------------------------------------
     0 | D:1      | M4edhros the Octopode Artificer began the quest for the Orb.
     0 | D:1      | Reached XP level 1. HP: 13/13 MP: 3/3
   472 | D:2      | Reached XP level 2. HP: 18/18 MP: 4/4
   588 | D:2      | Found a radiant altar of Vehumet.
   838 | D:3      | Found a deep blue altar of Sif Muna.
   852 | D:3      | Slain by an orc wizard

Vault maps used:
D:1:      lemuel_arrival_behind_the_door_small, corexii_item_surrounded_by_moat
D:2:      kennysheep_big_flooded_room, vehumet_crystals
D:3:      led_sif_book, marbit_many_paths, okawaru_ov_weapons_minmay,
          uniq_jessica

Action                   || total
-------------------------++-------
Melee: Spear             ||    27
       Short sword       ||     7
Evoke: Wand              ||     1
 Stab: Sleeping          ||     5
